 Dungeon Crawl Stone Soup version 0.31-a0-431-g88bdf31460 (webtiles) character file.

Game seed: 1569560961601693732

14 lunkers the Ruffian (level 2, -2/23 HPs)
             Began as a Meteoran Shapeshifter on July 31, 2023.
             Was an Initiate of Gozag.
             Killed from afar by Sigmund (4 damage)
             ... with a puff of flame
             ... on level 2 of the Dungeon.
             The game lasted 00:00:44 (316 turns).

lunkers the Ruffian (Meteoran Shapeshifter)          Turns: 316, Time: 00:00:45

Health: -2/23      AC:  5    Str: 16    XL:     2   Next: 82%
Magic:  3/3        EV: 11    Int:  9    God:    Gozag
Gold:   54         SH:  0    Dex: 14    Spells: 1/1 levels left

rFire   . .          .
                       - Unarmed
rCold   . . .        (no shield)
rNeg    . . .        f - +0 ring mail
rPois   .            (helmet currently unavailable)
rElec   .            (cloak currently unavailable)
rCorr   .            (gloves currently unavailable)
SInv    .            (boots currently unavailable)
Will    .....        (no amulet)
Stlth   +            (no ring)
HPRegen 0.23/turn    (no ring)
MPRegen 0.08/turn

%: no passive effects
@: beast-form, gold aura, glowing
A: beast (slay +2), sense surroundings 1, otherworldly, glowing, explore regen
a: Begin Untransformation, Renounce Religion, Potion Petition, Call Merchant,
Bribe Branch


You were on level 2 of the Dungeon.
You worshipped Gozag.
Gozag was noncommittal.
You were a hulking beast.
You visited 1 branch of the dungeon, and saw 2 of its levels.

You collected 54 gold pieces.

Inventory:

Armour
 a - a +0 animal skin
 f - a +0 ring mail (worn)
Talismans
 c - a beast talisman (active)
Scrolls
 e - a scroll of identify {unknown}
Potions
 b - a potion of lignification
 d - a potion of invisibility {unknown}


   Skills:
 - Level 1.1 Fighting
 - Level 2.4 Dodging
 * Level 4.6 Unarmed Combat
 - Level 3.6 Shapeshifting


You had one spell level left.
You didn't know any spells.
Your spell library was empty.

Dungeon Overview and Level Annotations

Branches:
Dungeon (2/15) Zot: 886

Altars:
Gozag

Annotations:
D:2 Sigmund


Innate Abilities, Weirdness & Mutations

You are a hulking beast.
Your limbs bulge with bestial killing power. (Slay +2)
You passively map a small area around you.
You are easily found by Zot.
You glow in the dark.
You regain HP and MP as you explore.


Message History

You now have 54 gold pieces (gained 17).
There is a stone staircase leading down here.
You climb downwards.
There is a stone staircase leading up here.
No target in view!
Found a morningstar.
Sigmund the Dreaded comes into view.
He is wielding a +0 scythe.
Sigmund gestures at you while chanting.
The magic dart hits you but does no damage.
Sigmund mumbles some strange words.
Sigmund flickers and vanishes!
Deactivating autopickup; reactivate with Ctrl-A.
You hear a shout!
No target in view!
No target in view!
Something hits you but does no damage.
A kobold and a frilled lizard come into view.
The kobold shouts!
You see here a +0 morningstar.
You hit something but do no damage. Something hits you.
You closely miss something. You punch something! Something hits you!
* * * LOW HITPOINT WARNING * * *
Something hits you.
* * * LOW HITPOINT WARNING * * *
Unknown command.
You punch the kobold!
You kill the kobold!
A puff of flame appears from out of thin air!
The puff of flame hits you.
* * * LOW HITPOINT WARNING * * *
Something hits you.
* * * LOW HITPOINT WARNING * * *
Things that are here:
7 gold pieces; a +0 dagger You hear some strange, mumbled words.
A puff of flame appears from out of thin air!
The puff of flame hits you.
You die...
Your body crumbles into a pile of gold.

* ####
#..##### ,
,#..#...# , ,
,#..#.#.# ,
,#....#.# * ,
$ , #.<#.#$#
,, * ######h#
* #{# , ,
....l..l..#*
*
#.##.#.......
, *, , #
......##.. *
* ######.# ,
, , .#* , . ,
* * ##


You could see a frilled lizard.

Vanquished Creatures
  A bat (D:1)
  A goblin (D:1)
  A hobgoblin (D:1)
  3 jackals (D:1)
  A ball python (D:1)
  3 frilled lizards (D:1)
  3 kobolds
  A rat (D:1)
14 creatures vanquished.

Notes
Turn   | Place    | Note
-------+----------+-------------------------------------------
     0 | D:1      | lunkers the Meteoran Shapeshifter began the quest for the
                  | Orb.
     0 | D:1      | Reached XP level 1. HP: 16/16 MP: 2/2
    30 | D:1      | Reached skill level 4 in Unarmed Combat
    47 | D:1      | Reached XP level 2. HP: 23/23 MP: 3/3
    50 | D:1      | Found a faded altar of an unknown god.
    64 | D:1      | Prayed at the altar of an unknown god.
    64 | D:1      | Became a worshipper of Gozag Ym Sagoz the Greedy
   303 | D:2      | Noticed Sigmund
   316 | D:2      | Killed from afar by Sigmund

Illustrated notes

Levels and vault maps discovered:
D:1:      minmay_arrival_open_corners, layout_basic,
          hellmonk_ecumenical_altar_prayer_group
D:2:      layout_basic, basic_altar, uniq_sigmund, uniq_jessica

Skill      XL: |  1 |
---------------+----+-----
Unarmed Combat | 4 |  4.6
Fighting       | |  1.1
Dodging        | |  2.4
Shapeshifting  | |  3.6

Action                     || total
---------------------------++-------
  Melee: Unarmed           ||    37
 Armour: Animal skin       ||     8
         Ring mail         ||     4
  Dodge: Dodged            ||    15

Table legend: (Time is in decaauts)
 A = Elapsed time spent in this place.
 B = Non-inter-level travel time spent in this place.
 C = Inter-level travel time spent in this place.
 D = Time resting spent in this place.
 E = Time spent auto-exploring this place.
 F = Levels seen in this place.
 G = Mean time per level.
                   A        B        C        D        E       F      G
               +--------+--------+--------+--------+--------+-----+--------+
         Total |    312 |    312 |      0 |      0 |    190 |   2 |  156.0 |
       Dungeon |    312 |    312 |      0 |      0 |    190 |   2 |  156.0 |
               +--------+--------+--------+--------+--------+-----+--------+

Top non-repeatable levels by time:
     D:1: 294 daAuts
     D:2: 18 daAuts
